Workbook
Name IQ_CH: 110000
Name IQ_CQ: 5000
Name IQ_CY: 10000
Name IQ_DAILY: 500000
Name IQ_FH: 100000
Name IQ_FQ: 500
Name IQ_FY: 1000
Name IQ_LTM: 2000
Name IQ_MONTH: 15000
Name IQ_NTM: 6000
Name IQ_WEEK: 50000
Name IQ_YTD: 3000

Sheet المقدمة
B3: بسم الله الرحمن الرحيم
C5: ملف لعمل دراسة مالية
C6: هذا الملف خاص بعمل دراسة مالية للمشاريع الصغيرة
C8: المحتوى
B9: - | C9: الملاحظات
B10: - | C10: بيانات الدراسة
B11: - | C11: إدخال التوقعات المالية
B12: - | C12: التقرير
B13: - | C13: التقرير الملخص
C15: الهدف من الملف
B16: - | C16: إنشاء دراسة مالية بسهولة خلال فترة قياسية
B17: - | C17: التعديل على الدراسة بأي وقت والحصول على النتائج مباشرة
B18: - | C18: التخطيط الإستراتيجي للمشاريع
B19: - | C19: قياس وتحليل النتائج لإتخاذ القرارات الصحيحة
B20: - | C20: امكانية عرض التقرير بأكثر من عملة من خلال تعديل سعر الصرف
C22: المستفيد من الملف
B23: - | C23: الراغبون في الحصول على تمويل
B24: - | C24: رواد الأعمال واصحاب المشاريع الصغيرة والمتوسطة
B25: - | C25: المستثمرون
B26: - | C26: موظفو الإدارة المالية والعاملين في مجال الدراسات والتحليل المالي
B29: - | C29: هذه النسخة لشتقديم عرض سعر منصة فرصة ولا يحق لأي شخص استخدامها
B30: - | C30: جميع الحقوق محفوظة لمكتب جدوى المستقبل
B31: - | C31: هذه النسخة لشتقديم عرض سعر منصة فرصة ولا يحق لأي شخص استخدامها
C33: V.20210120

Sheet ملاحظات
C1: كيفية استخدام الملف
B3: - | C3: لترتيب افكارك وتجنب التكرار اقرأ بتمعن المطلوب في كل جزئية قبل البدء بإدخال البيانات
B4: - | C4: الخلايا الصفراء "فقط" هي الخلايا المخصصة لإدخال البيانات ( واي تعديل على الخلايا الأخرى قد يؤدي الى حذف المعادلات )
B5: - | C5: الملاحظات: لعرض الملاحظات قم بوضع المؤشر فوق الخلية التي تحتوي على مثلث احمر في الأعلى .
B6: - | C6: لا تستخدم القص واللصق
B7: - | C7: لتعديل المحتوى قم بالنقر مرتين على الخلية ومن ثم قم بالتعديل على نص المحتوى
B8: - | C8: لإضافة سطر جديد داخل الخلية قم بالنقر على Alt و من ثم Enter
B9: - | C9: اذا قمت بعمل تنسيقات على سبيل المثال( تعديل الوان او الكتابة بخط عريض) فإنها لن تظهر في التقرير المخصص للطباعة
B10: - | C10: يمكن التعديل و التنسيق من خلال التعديل صفحة التقرير (ولكن سيتم حذف المعادلات في الخلايا التي سيتم تعديلها)
B11: - | C11: لأغراض الطباعة لا بد من اعادة تنسيق الصفحة و اخفاء او اظهار الخلايا أو الأجزاء المراد طباعتها
B12: - | C12: يحتوي هذا الملف على بيانات لدراسة بغرض التوضيح.
B13: - | C13: للملاحظات نرجو التواصل مع مكتب جدوى المستقبل الموقع https://w-a3d.com/أو من خلال الجوال 0531513273
B14: -
A33: .

Sheet بيانات الدراسة
B4: البيانات الأساسية
B5: بيانات مقدم الدراسة | C5: اسم مقدم الدراسة | D5: المستقبل الواعد
C6: الإيميل
C7: الموقع الإلكتروني | D7: https://w-a3d.com/
C8: رقم الهاتف | D8: 0531513273
B10: بيانات المشروع | C10: اسم المشروع | D10: مثال لدراسة
C11: العنوان | D11: الخبر - المملكة العربية السعودية
C12: تاريخ إعداد الدراسة | D12: 45313
C13: السنة الأولى لبداية المشروع | D13: 2024
C14: العملة | D14: الريال السعودي
B16: تعديل العملة (إختياري) | C16: العملة الجديدة (خاص بالتقرير والملخص) | D16: =D14 -> الريال السعودي
C17: سعر الصرف (خاص بالتقرير والملخص) | D17: 1

Sheet ادخال  التوقعات المالية
B1: البيان / السنة | C1: ='بيانات الدراسة'!D13 -> 2024 | D1: =C1+1 -> 2025 | E1: =D1+1 -> 2026 | F1: =E1+1 -> 2027 | G1: =F1+1 -> 2028 | H1: المجموع | I1: فترة الإسترداد
B2: المبيعات / الإيرادات | C2: ='التقرير '!H280 -> 4317662 | D2: ='التقرير '!I280 -> 6499961 | E2: ='التقرير '!J280 -> 7999952 | F2: ='التقرير '!K280 -> 8999946 | G2: ='التقرير '!L280 -> 9999940 | H2: =SUM(C2:G2) -> 37817461 | I2: ='التقرير '!L112 -> 2.7905998
B3: الأرباح / (الخسائر) | C3: ='التقرير '!J178 -> -219579.4 | D3: ='التقرير '!K178 -> 789714.92 | E3: ='التقرير '!L178 -> 1389550.5 | F3: ='التقرير '!M178 -> 1694789 | G3: ='التقرير '!N178 -> 2070436.2 | H3: =SUM(C3:G3) -> 5724911.2
B4: نسبة صافي الربح | C4: =IFERROR(C3/C2,0) -> -0.050856088 | D4: =IFERROR(D3/D2,0) -> 0.12149533 | E4: =IFERROR(E3/E2,0) -> 0.17369485 | F4: =IFERROR(F3/F2,0) -> 0.18831102 | G4: =IFERROR(G3/G2,0) -> 0.20704487 | H4: =IFERROR(H3/H2,0) -> 0.15138275
A5: 1 | B5: التوقعات المالية
B6: نتاج هذا الجزء هو دعامة الخطة لمشروعك، حيث أنه عامل رئيسي لاتخاذ قراراتك و جزء مهم سيضعه المستثمر بعين الاعتبار. في هذا الجزء تحديدا نود الإجابة على أربع أسئلة رئيسية: ما مقدار رأس المال الذي تحتاجه للبدء بالمشروع؟ ماهي قنوات الدخل/المبيعات لديك وما مقدارها؟ ماهي طبيعة مصروفات وما مقدرها؟ ماهي النتائج المالية للمشروع؟ قد يكون تقدير العائدات والتكاليف امرا صعبا، ولكن في هذه المرحلة من الدراسة المالية من المفترض أن يكون لديك معلومات جيدة عن القطاع الذي ستعمل به وهذا سيجعل التقدير مهمة أسهل. إضافة إلى ذلك فإن هذا الملف سيقوم بدوره في إحتساب النتائج والتحاليل. يجب أن تكون منطقي و واقعي في افتراضاتك
A17: 1 | B17: الأصول الثابتة والإستثمارات الأولية
B18: الأصول الثابتة أو الموجودات: هي الممتلكات التي تقوم المنشأة بشراءها بغرض استخدامها في النشاط (وليس بغرض البيع). وفي الغالب تكون مدة إستخدامها عدة سنوات، و من الأمثلة عليها (السيارات، المعدات، الآليات، الأثاث، الكمبيوترات، الأراضي، المباني). و يتم استهلاك الأصول الثابتة و تخفيض قيمتها بشكل دوري بحسب العمر الإنتاجي او التغير في قيمتها السوقية.
B19: الأصول | F19: الإستهلاك
B20: الاصل | C20: عدد الوحدات | D20: قيمة الوحدة | E20: المجموع | F20: مدة الإستهلاك بالسنوات | G20: =C1 -> 2024 | H20: =D1 -> 2025 | I20: =E1 -> 2026 | J20: =F1 -> 2027 | K20: =G1 -> 2028
B21: كاشير | C21: 1 | D21: 3000 | E21: =C21*D21 -> 3000 | F21: 3 | G21: =IF(F21=0,0,E21/F21) -> 1000 | H21: =IF($E21-SUM($G21:G21)>=$G21,$G21,0) -> 1000 | I21: =IF($E21-SUM($G21:H21)>=$G21,$G21,0) -> 1000 | J21: =IF($E21-SUM($G21:I21)>=$G21,$G21,0) -> 0 | K21: =IF($E21-SUM($G21:J21)>=$G21,$G21,0) -> 0
B22: برامج محاسبية | C22: 1 | D22: 2000 | E22: =C22*D22 -> 2000 | F22: 3 | G22: =IF(F22=0,0,E22/F22) -> 666.66667 | H22: =IF($E22-SUM($G22:G22)>=$G22,$G22,0) -> 666.66667 | I22: =IF($E22-SUM($G22:H22)>=$G22,$G22,0) -> 666.66667 | J22: =IF($E22-SUM($G22:I22)>=$G22,$G22,0) -> 0 | K22: =IF($E22-SUM($G22:J22)>=$G22,$G22,0) -> 0
B23: كمبيوتر | C23: 2 | D23: 2000 | E23: =C23*D23 -> 4000 | F23: 3 | G23: =IF(F23=0,0,E23/F23) -> 1333.3333 | H23: =IF($E23-SUM($G23:G23)>=$G23,$G23,0) -> 1333.3333 | I23: =IF($E23-SUM($G23:H23)>=$G23,$G23,0) -> 1333.3333 | J23: =IF($E23-SUM($G23:I23)>=$G23,$G23,0) -> 0 | K23: =IF($E23-SUM($G23:J23)>=$G23,$G23,0) -> 0
B24: كمبيوترات و برامج محاسبية | C24: =SUM(C21:C23) -> 4 | E24: =SUM(E21:E23) -> 9000 | F24: =AVERAGE(F21:F23) -> 3 | G24: =SUM(G21:G23) -> 3000 | H24: =SUM(H21:H23) -> 3000 | I24: =SUM(I21:I23) -> 3000 | J24: =SUM(J21:J23) -> 0 | K24: =SUM(K21:K23) -> 0
B25: طاولات و كراسي | C25: 4 | D25: 5000 | E25: =C25*D25 -> 20000 | F25: 5 | G25: =IF(F25=0,0,E25/F25) -> 4000 | H25: =IF($E25-SUM($G25:G25)>=$G25,$G25,0) -> 4000 | I25: =IF($E25-SUM($G25:H25)>=$G25,$G25,0) -> 4000 | J25: =IF($E25-SUM($G25:I25)>=$G25,$G25,0) -> 4000 | K25: =IF($E25-SUM($G25:J25)>=$G25,$G25,0) -> 4000
B26: ديكورات | C26: 1 | D26: 200000 | E26: =C26*D26 -> 200000 | F26: 5 | G26: =IF(F26=0,0,E26/F26) -> 40000 | H26: =IF($E26-SUM($G26:G26)>=$G26,$G26,0) -> 40000 | I26: =IF($E26-SUM($G26:H26)>=$G26,$G26,0) -> 40000 | J26: =IF($E26-SUM($G26:I26)>=$G26,$G26,0) -> 40000 | K26: =IF($E26-SUM($G26:J26)>=$G26,$G26,0) -> 40000
B27: اثاث مكتبي | C27: 4 | D27: 20000 | E27: =C27*D27 -> 80000 | F27: 5 | G27: =IF(F27=0,0,E27/F27) -> 16000 | H27: =IF($E27-SUM($G27:G27)>=$G27,$G27,0) -> 16000 | I27: =IF($E27-SUM($G27:H27)>=$G27,$G27,0) -> 16000 | J27: =IF($E27-SUM($G27:I27)>=$G27,$G27,0) -> 16000 | K27: =IF($E27-SUM($G27:J27)>=$G27,$G27,0) -> 16000
B28: اثاث و ديكور | C28: =SUM(C25:C27) -> 9 | E28: =SUM(E25:E27) -> 300000 | F28: =AVERAGE(F25:F27) -> 5 | G28: =SUM(G25:G27) -> 60000 | H28: =SUM(H25:H27) -> 60000 | I28: =SUM(I25:I27) -> 60000 | J28: =SUM(J25:J27) -> 60000 | K28: =SUM(K25:K27) -> 60000
B29: سيارة توصيل | C29: 1 | D29: 33000 | E29: =C29*D29 -> 33000 | F29: 5 | G29: =IF(F29=0,0,E29/F29) -> 6600 | H29: =IF($E29-SUM($G29:G29)>=$G29,$G29,0) -> 6600 | I29: =IF($E29-SUM($G29:H29)>=$G29,$G29,0) -> 6600 | J29: =IF($E29-SUM($G29:I29)>=$G29,$G29,0) -> 6600 | K29: =IF($E29-SUM($G29:J29)>=$G29,$G29,0) -> 6600
B30: سيارة تحميل | C30: 1 | D30: 67000 | E30: =C30*D30 -> 67000 | F30: 5 | G30: =IF(F30=0,0,E30/F30) -> 13400 | H30: =IF($E30-SUM($G30:G30)>=$G30,$G30,0) -> 13400 | I30: =IF($E30-SUM($G30:H30)>=$G30,$G30,0) -> 13400 | J30: =IF($E30-SUM($G30:I30)>=$G30,$G30,0) -> 13400 | K30: =IF($E30-SUM($G30:J30)>=$G30,$G30,0) -> 13400
E31: =C31*D31 -> 0 | G31: =IF(F31=0,0,E31/F31) -> 0 | H31: =IF($E31-SUM($G31:G31)>=$G31,$G31,0) -> 0 | I31: =IF($E31-SUM($G31:H31)>=$G31,$G31,0) -> 0 | J31: =IF($E31-SUM($G31:I31)>=$G31,$G31,0) -> 0 | K31: =IF($E31-SUM($G31:J31)>=$G31,$G31,0) -> 0
B32: سيارات | C32: =SUM(C29:C31) -> 2 | E32: =SUM(E29:E31) -> 100000 | F32: =AVERAGE(F29:F31) -> 5 | G32: =SUM(G29:G31) -> 20000 | H32: =SUM(H29:H31) -> 20000 | I32: =SUM(I29:I31) -> 20000 | J32: =SUM(J29:J31) -> 20000 | K32: =SUM(K29:K31) -> 20000
B33: مستلزمات مختلفة | C33: 1 | D33: 2000 | E33: =C33*D33 -> 2000 | F33: 5 | G33: =IF(F33=0,0,E33/F33) -> 400 | H33: =IF($E33-SUM($G33:G33)>=$G33,$G33,0) -> 400 | I33: =IF($E33-SUM($G33:H33)>=$G33,$G33,0) -> 400 | J33: =IF($E33-SUM($G33:I33)>=$G33,$G33,0) -> 400 | K33: =IF($E33-SUM($G33:J33)>=$G33,$G33,0) -> 400
B34: معدات صيانة | C34: 1 | D34: 2000 | E34: =C34*D34 -> 2000 | F34: 5 | G34: =IF(F34=0,0,E34/F34) -> 400 | H34: =IF($E34-SUM($G34:G34)>=$G34,$G34,0) -> 400 | I34: =IF($E34-SUM($G34:H34)>=$G34,$G34,0) -> 400 | J34: =IF($E34-SUM($G34:I34)>=$G34,$G34,0) -> 400 | K34: =IF($E34-SUM($G34:J34)>=$G34,$G34,0) -> 400
E35: =C35*D35 -> 0 | G35: =IF(F35=0,0,E35/F35) -> 0 | H35: =IF($E35-SUM($G35:G35)>=$G35,$G35,0) -> 0 | I35: =IF($E35-SUM($G35:H35)>=$G35,$G35,0) -> 0 | J35: =IF($E35-SUM($G35:I35)>=$G35,$G35,0) -> 0 | K35: =IF($E35-SUM($G35:J35)>=$G35,$G35,0) -> 0
B36: الات و معدات | C36: =SUM(C33:C35) -> 2 | E36: =SUM(E33:E35) -> 4000 | F36: =AVERAGE(F33:F35) -> 5 | G36: =SUM(G33:G35) -> 800 | H36: =SUM(H33:H35) -> 800 | I36: =SUM(I33:I35) -> 800 | J36: =SUM(J33:J35) -> 800 | K36: =SUM(K33:K35) -> 800
B37: موقع الكتروني | C37: 1 | D37: 2000 | E37: =C37*D37 -> 2000 | F37: 5 | G37: =IF(F37=0,0,E37/F37) -> 400 | H37: =IF($E37-SUM($G37:G37)>=$G37,$G37,0) -> 400 | I37: =IF($E37-SUM($G37:H37)>=$G37,$G37,0) -> 400 | J37: =IF($E37-SUM($G37:I37)>=$G37,$G37,0) -> 400 | K37: =IF($E37-SUM($G37:J37)>=$G37,$G37,0) -> 400
B38: تطبيقات هواتف نقال | C38: 2 | D38: 14000 | E38: =C38*D38 -> 28000 | F38: 5 | G38: =IF(F38=0,0,E38/F38) -> 5600 | H38: =IF($E38-SUM($G38:G38)>=$G38,$G38,0) -> 5600 | I38: =IF($E38-SUM($G38:H38)>=$G38,$G38,0) -> 5600 | J38: =IF($E38-SUM($G38:I38)>=$G38,$G38,0) -> 5600 | K38: =IF($E38-SUM($G38:J38)>=$G38,$G38,0) -> 5600
E39: =C39*D39 -> 0 | F39: 5 | G39: =IF(F39=0,0,E39/F39) -> 0 | H39: =IF($E39-SUM($G39:G39)>=$G39,$G39,0) -> 0 | I39: =IF($E39-SUM($G39:H39)>=$G39,$G39,0) -> 0 | J39: =IF($E39-SUM($G39:I39)>=$G39,$G39,0) -> 0 | K39: =IF($E39-SUM($G39:J39)>=$G39,$G39,0) -> 0
B40: تطبيقات ومواقع الكترونية | C40: =SUM(C37:C39) -> 3 | E40: =SUM(E37:E39) -> 30000 | F40: =AVERAGE(F37:F39) -> 5 | G40: =SUM(G37:G39) -> 6000 | H40: =SUM(H37:H39) -> 6000 | I40: =SUM(I37:I39) -> 6000 | J40: =SUM(J37:J39) -> 6000 | K40: =SUM(K37:K39) -> 6000
B41: المجموع | E41: =E40+E36+E32+E28+E24 -> 443000 | G41: =G40+G36+G32+G28+G24 -> 89800 | H41: =H40+H36+H32+H28+H24 -> 89800 | I41: =I40+I36+I32+I28+I24 -> 89800 | J41: =J40+J36+J32+J28+J24 -> 86800 | K41: =K40+K36+K32+K28+K24 -> 86800
F44: =SUM(F19:F43) -> 82
A46: 2 | B46: الإيرادات المتوقعة
B47: في هذا القسم مطلوب منك اضافة أربع مدخلات: الأصناف سعر البيع المُتوقع . تكلفة السلعة المباعة كنسبة من الايردات. الهدف بعدد الوحدات . ملاحظة: راجع أسعار منافسيك، اسأل زبائن محتملين، راجع معدل النمو لمشروعك. تذكر أن عملية التقدير المالي تعد فنا بقدر ما تعد علما، لذلك عليك أن منطقيا وواقعيا في افتراضاتك قدر الإمكان.
B58: الأصناف و الخدمات | E58: الهدف ( عدد الواحدات المباعة في العام)
B59: اسم الصنف / الخدمة / المجموعة | C59: متوسط سعر البيع للوحدة الواحدة | D59: متوسط التكلفة للواحدة الواحدة | E59: =C1 -> 2024 | F59: =E59+1 -> 2025 | G59: =F59+1 -> 2026 | H59: =G59+1 -> 2027 | I59: =H59+1 -> 2028 | L59: Sales Mix % | M59: CM | N59: WA
B60: صنف 1 | C60: 1900 | D60: 722 | E60: 200 | F60: 336.05 | G60: 413.6 | H60: 465.3 | I60: 517 | L60: =C60/$C$70 -> 0.33628319 | M60: =I60-D60 -> -205 | N60: =L60*M60 -> -68.938053 | P60: =I60*O60 -> 0
B61: صنف 2 | C61: 1200 | D61: 396 | E61: 300 | F61: 796.25 | G61: 980 | H61: 1102.5 | I61: 1225 | L61: =C61/$C$70 -> 0.21238938 | M61: =I61-D61 -> 829 | N61: =L61*M61 -> 176.0708 | P61: =I61*O61 -> 0
B62: صنف 3 | C62: 750 | D62: 450 | E62: 600 | F62: 1062.1 | G62: 1307.2 | H62: 1470.6 | I62: 1634 | L62: =C62/$C$70 -> 0.13274336 | M62: =I62-D62 -> 1184 | N62: =L62*M62 -> 157.16814 | P62: =I62*O62 -> 0
B63: صنف 4 | C63: 540 | D63: 243 | E63: 1000 | F63: 1946.75 | G63: 2396 | H63: 2695.5 | I63: 2995 | L63: =C63/$C$70 -> 0.095575221 | M63: =I63-D63 -> 2752 | N63: =L63*M63 -> 263.02301 | P63: =I63*O63 -> 0
B64: صنف 5 | C64: 540 | D64: 162 | E64: 2246.2 | F64: 2654.6 | G64: 3267.2 | H64: 3675.6 | I64: 4084 | L64: =C64/$C$70 -> 0.095575221 | M64: =I64-D64 -> 3922 | N64: =L64*M64 -> 374.84602 | P64: =I64*O64 -> 0
B65: صنف 6 | C65: 360 | D65: 180 | E65: 3369.3 | F65: 3981.9 | G65: 4900.8 | H65: 5513.4 | I65: 6126 | L65: =C65/$C$70 -> 0.063716814 | M65: =I65-D65 -> 5946 | N65: =L65*M65 -> 378.86018 | P65: =I65*O65 -> 0
B66: صنف 7 | C66: 360 | D66: 180 | E66: 449.35 | F66: 531.05 | G66: 653.6 | H66: 735.3 | I66: 817 | L66: =C66/$C$70 -> 0.063716814 | M66: =I66-D66 -> 637 | N66: =L66*M66 -> 40.587611 | P66: =I66*O66 -> 0
D67: 0 | L67: =C67/$C$70 -> 0 | M67: =I67-D67 -> 0 | N67: =L67*M67 -> 0 | P67: =I67*O67 -> 0
D68: 0 | E68: 0 | F68: 0 | G68: 0 | H68: 0 | I68: 0 | L68: =C68/$C$70 -> 0 | M68: =I68-D68 -> 0 | N68: =L68*M68 -> 0 | P68: =I68*O68 -> 0
D69: 0 | E69: 0 | F69: 0 | G69: 0 | H69: 0 | I69: 0 | L69: =C69/$C$70 -> 0 | M69: =I69-D69 -> 0 | N69: =L69*M69 -> 0 | P69: =I69*O69 -> 0
C70: =SUM(C60:C69) -> 5650 | D70: =SUM(D60:D69) -> 2333 | L70: =SUM(L60:L69) -> 1 | M70: =K70-D70 -> -2333 | N70: =SUM(N60:N69) -> 1321.6177 | P70: =K70*O70 -> 0
A73: 3 | B73: المصاريف
B74: تحت هذ القسم عليك أن تُقدر مصاريف التشغيل التي سيتكلفها مشروعك. بعض المصاريف التشغيلية الشائعة: الإيجار، فواتير المياه والكهرباء، فواتير الهاتف، الحسابات/مسك الدفاتر، الصيانة، الرسوم القانونية/التأمين/الترخيص، الإعلان والتسويق، الأجور.
B77: المصاريف
B78: ملاحظة: قم ادخال المصاريف كما ستكون في الطاقة الإنتاجية القصوى ، او حسب رؤيتك للمشروع بعد 5 سنوات.
B79: المصاريف | D79: =C1 -> 2024 | E79: =D1 -> 2025 | F79: =E1 -> 2026 | G79: =F1 -> 2027 | H79: =G1 -> 2028
B80: الرواتب والأجور | C80: ادخل المبلغ السنوي ---> | D80: 1125000 | E80: 1200000 | F80: 1275000 | G80: 1425000 | H80: 1500000
B81: نسبة الى طاقة التشغيل القصوى | D81: الزيادة السنوية --> | E81: =IFERROR(E80/D80-1,0) -> 0.066666667 | F81: =IFERROR(F80/E80-1,0) -> 0.0625 | G81: =IFERROR(G80/F80-1,0) -> 0.11764706 | H81: =IFERROR(H80/G80-1,0) -> 0.052631579
B82: عمولات و حوافز | C82: ادخل المبلغ السنوي ---> | D82: 250000 | E82: 325000 | F82: 400000 | G82: 450000 | H82: 500000
B83: نسبة الى طاقة التشغيل القصوى | D83: 0.5 | E83: =IFERROR(E82/D82-1,0) -> 0.3 | F83: =IFERROR(F82/E82-1,0) -> 0.23076923 | G83: =IFERROR(G82/F82-1,0) -> 0.125 | H83: =IFERROR(H82/G82-1,0) -> 0.11111111
B84: تسويق | C84: ادخل المبلغ السنوي ---> | D84: 300000 | E84: 390000 | F84: 480000 | G84: 540000 | H84: 600000
B85: نسبة الى طاقة التشغيل القصوى | D85: الزيادة السنوية --> | E85: =IFERROR(E84/D84-1,0) -> 0.3 | F85: =IFERROR(F84/E84-1,0) -> 0.23076923 | G85: =IFERROR(G84/F84-1,0) -> 0.125 | H85: =IFERROR(H84/G84-1,0) -> 0.11111111
B86: مصروفات حكومية | C86: ادخل المبلغ السنوي ---> | D86: 50000 | E86: 25000 | F86: 25000 | G86: 25000 | H86: 25000
B87: نسبة الى طاقة التشغيل القصوى | D87: 1 | E87: =IFERROR(E86/D86-1,0) -> -0.5 | F87: =IFERROR(F86/E86-1,0) -> 0 | G87: =IFERROR(G86/F86-1,0) -> 0 | H87: =IFERROR(H86/G86-1,0) -> 0
B88: اشتراكات وبرامج | C88: ادخل المبلغ السنوي ---> | D88: 2000 | E88: 2000 | F88: 2000 | G88: 2000 | H88: 2000
B89: نسبة الى طاقة التشغيل القصوى | D89: الزيادة السنوية --> | E89: =IFERROR(E88/D88-1,0) -> 0 | F89: =IFERROR(F88/E88-1,0) -> 0 | G89: =IFERROR(G88/F88-1,0) -> 0 | H89: =IFERROR(H88/G88-1,0) -> 0
B90: هاتف و انترنت | C90: ادخل المبلغ السنوي ---> | D90: 12000 | E90: 12000 | F90: 12000 | G90: 12000 | H90: 12000
B91: نسبة الى طاقة التشغيل القصوى | D91: الزيادة السنوية --> | E91: =IFERROR(E90/D90-1,0) -> 0 | F91: =IFERROR(F90/E90-1,0) -> 0 | G91: =IFERROR(G90/F90-1,0) -> 0 | H91: =IFERROR(H90/G90-1,0) -> 0
B92: خدمات - كهرباء، ماء، نظافة. وقود ..... | C92: ادخل المبلغ السنوي ---> | D92: 36000 | E92: 36000 | F92: 36000 | G92: 36000 | H92: 36000
B93: نسبة الى طاقة التشغيل القصوى | D93: الزيادة السنوية --> | E93: =IFERROR(E92/D92-1,0) -> 0 | F93: =IFERROR(F92/E92-1,0) -> 0 | G93: =IFERROR(G92/F92-1,0) -> 0 | H93: =IFERROR(H92/G92-1,0) -> 0
B94: مصاريف ضيافة | C94: ادخل المبلغ السنوي ---> | D94: 33000 | E94: 39000 | F94: 48000 | G94: 54000 | H94: 60000
B95: نسبة الى طاقة التشغيل القصوى | D95: الزيادة السنوية --> | E95: =IFERROR(E94/D94-1,0) -> 0.18181818 | F95: =IFERROR(F94/E94-1,0) -> 0.23076923 | G95: =IFERROR(G94/F94-1,0) -> 0.125 | H95: =IFERROR(H94/G94-1,0) -> 0.11111111
B96: مصاريف أخرى | C96: ادخل المبلغ السنوي ---> | D96: 30000 | E96: 42000 | F96: 48000 | G96: 54000 | H96: 60000
B97: نسبة الى طاقة التشغيل القصوى | D97: الزيادة السنوية --> | E97: =IFERROR(E96/D96-1,0) -> 0.4 | F97: =IFERROR(F96/E96-1,0) -> 0.14285714 | G97: =IFERROR(G96/F96-1,0) -> 0.125 | H97: =IFERROR(H96/G96-1,0) -> 0.11111111
B98: =+B112 -> إيجارات | C98: تلقائي من المصاريف المدفوعة مقدما | D98: =+D114*12 -> 600000 | E98: =+E114*12 -> 600000 | F98: =+F114*12 -> 600000 | G98: =+G114*12 -> 600000 | H98: =+H114*12 -> 600000
D99: الزيادة السنوية --> | E99: =IFERROR(E98/D98-1,0) -> 0 | F99: =IFERROR(F98/E98-1,0) -> 0 | G99: =IFERROR(G98/F98-1,0) -> 0 | H99: =IFERROR(H98/G98-1,0) -> 0
B100: =+B115 -> تأمينات | C100: تلقائي من المصاريف المدفوعة مقدما | D100: =+D117*12 -> 150000 | E100: =+E117*12 -> 150000 | F100: =+F117*12 -> 150000 | G100: =+G117*12 -> 150000 | H100: =+H117*12 -> 150000
D101: الزيادة السنوية --> | E101: =IFERROR(E100/D100-1,0) -> 0 | F101: =IFERROR(F100/E100-1,0) -> 0 | G101: =IFERROR(G100/F100-1,0) -> 0 | H101: =IFERROR(H100/G100-1,0) -> 0
B102: =+B118 -> مصاريف تأسيس | C102: تلقائي من المصاريف المدفوعة مقدما | D102: =$D$120*12 -> 0 | E102: =$D$120*12 -> 0 | F102: =$D$120*12 -> 0 | G102: =$D$120*12 -> 0 | H102: =$D$120*12 -> 0
D103: الزيادة السنوية --> | E103: =IFERROR(E102/D102-1,0) -> 0 | F103: =IFERROR(F102/E102-1,0) -> 0 | G103: =IFERROR(G102/F102-1,0) -> 0 | H103: =IFERROR(H102/G102-1,0) -> 0
B104: استهلاك الأصول الثابتة | C104: تلقائي الأصول الثابتة | D104: =G41 -> 89800 | E104: =H41 -> 89800 | F104: =I41 -> 89800 | G104: =J41 -> 86800 | H104: =K41 -> 86800
D105: الزيادة السنوية --> | E105: =IFERROR(E104/D104-1,0) -> 0 | F105: =IFERROR(F104/E104-1,0) -> 0 | G105: =IFERROR(G104/F104-1,0) -> -0.033407572 | H105: =IFERROR(H104/G104-1,0) -> 0
B106: إجمالي اجمالي المصاريف | D106: =D80+D82+D104+D86+D88+D90+D92+D94+D96+D84+D98+D100+D102 -> 2677800 | E106: =E80+E82+E104+E86+E88+E90+E92+E94+E96+E84+E98+E100+E102 -> 2910800 | F106: =F80+F82+F104+F86+F88+F90+F92+F94+F96+F84+F98+F100+F102 -> 3165800 | G106: =G80+G82+G104+G86+G88+G90+G92+G94+G96+G84+G98+G100+G102 -> 3434800 | H106: =H80+H82+H104+H86+H88+H90+H92+H94+H96+H84+H98+H100+H102 -> 3631800
A108: 2.1 | B108: المصاريف المدفوعة مقدما
B109: ادخل هنا المصاريف التي تم دفعها مقدما لمدة محددة حسب العقد (مثل عقد الإيجار والتأمين الطبي )
B111: نوع المصروف | C111: البيان | D111: =C1 -> 2024 | E111: =D1 -> 2025 | F111: =E1 -> 2026 | G111: =F1 -> 2027 | H111: =G1 -> 2028
B112: إيجارات | C112: قيمة الدفعة المقدم | D112: 300000 | E112: 300000 | F112: 300000 | G112: 300000 | H112: 300000
C113: الفترة الخاصة بالدفعة المقدمة | D113: 6 | E113: 6 | F113: 6 | G113: 6 | H113: 6
C114: المصروف الشهري | D114: =IFERROR(D112/D113,0) -> 50000 | E114: =IFERROR(E112/E113,0) -> 50000 | F114: =IFERROR(F112/F113,0) -> 50000 | G114: =IFERROR(G112/G113,0) -> 50000 | H114: =IFERROR(H112/H113,0) -> 50000
B115: تأمينات | C115: =C112 -> قيمة الدفعة المقدم | D115: 150000 | E115: 150000 | F115: 150000 | G115: 150000 | H115: 150000
C116: =C113 -> الفترة الخاصة بالدفعة المقدمة | D116: 12 | E116: 12 | F116: 12 | G116: 12 | H116: 12
C117: =C114 -> المصروف الشهري | D117: =IFERROR(D115/D116,0) -> 12500 | E117: =IFERROR(E115/E116,0) -> 12500 | F117: =IFERROR(F115/F116,0) -> 12500 | G117: =IFERROR(G115/G116,0) -> 12500 | H117: =IFERROR(H115/H116,0) -> 12500
B118: مصاريف تأسيس | C118: =C115 -> قيمة الدفعة المقدم
C119: =C116 -> الفترة الخاصة بالدفعة المقدمة | D119: 1
C120: =C117 -> المصروف الشهري | D120: =IFERROR(D118/D119,0) -> 0 | E120: =IFERROR(E118/E119,0) -> 0 | F120: =IFERROR(F118/F119,0) -> 0 | G120: =IFERROR(G118/G119,0) -> 0 | H120: =IFERROR(H118/H119,0) -> 0
B121: المجموع | C121: =C118 -> قيمة الدفعة المقدم | D121: =D112+D115+D118 -> 450000 | E121: =E112+E115+E118 -> 450000 | F121: =F112+F115+F118 -> 450000 | G121: =G112+G115+G118 -> 450000 | H121: =H112+H115+H118 -> 450000
C122: =C120 -> المصروف الشهري | D122: =D114+D117+D120 -> 62500 | E122: =E114+E117+E120 -> 62500 | F122: =F114+F117+F120 -> 62500 | G122: =G114+G117+G120 -> 62500 | H122: =H114+H117+H120 -> 62500
A124: 2.2 | B124: الضرائب و الزكاة
B125: اذا كان هناك ضريبة دخل او انواع اخرى من الضرائب يتم احتسابها كنسبة من صافي الدخل، قم بإدخالها في الجدول ادناه
B127: البيان | C127: نسبة من صافي الدخل
B128: الزكاة | C128: 0.025
B129: ضريبة - اخرى
B130: المجموع | C130: =+C128+C129 -> 0.025
F131: =SUM(F121:F130) -> 512500
...

Sheet التقرير 
Q1: طباعة | U1: =IF('بيانات الدراسة'!D17=0,1,'بيانات الدراسة'!D17) -> 1
B2: A | Q2: Yes
B3: A | Q3: Yes
B4: A | Q4: Yes
B5: A | Q5: Yes
B6: A | Q6: Yes
B7: A | Q7: Yes
B8: A | Q8: Yes
B9: A | Q9: Yes
B10: A | Q10: Yes
B11: A | Q11: Yes
B12: A | Q12: Yes
B13: A | Q13: Yes
... B17: A | Q17: Yes
B18: A | C18: ='بيانات الدراسة'!D10 -> مثال لدراسة | Q18: Yes
B19: A | Q19: Yes
B20: A | Q20: Yes
B21: A | C21: الدراسة المالية | Q21: Yes
B22: A | Q22: Yes
B23: A | Q23: Yes
B24: A | Q24: Yes
B25: A | E25: =IF('بيانات الدراسة'!C10=0,"",'بيانات الدراسة'!C10) -> اسم المشروع | G25: =IF('بيانات الدراسة'!D10=0,"",'بيانات الدراسة'!D10) -> مثال لدراسة | Q25: Yes
B26: A | E26: =IF('بيانات الدراسة'!C5=0,"",'بيانات الدراسة'!C5) -> اسم مقدم الدراسة | G26: =IF('بيانات الدراسة'!D5=0,"",'بيانات الدراسة'!D5) -> المستقبل الواعد | Q26: Yes
B27: A | E27: =IF('بيانات الدراسة'!C6=0,"",'بيانات الدراسة'!C6) -> الإيميل | G27: =IF('بيانات الدراسة'!D6=0,"",'بيانات الدراسة'!D6) | Q27: Yes
B28: A | E28: =IF('بيانات الدراسة'!C7=0,"",'بيانات الدراسة'!C7) -> الموقع الإلكتروني | G28: =IF('بيانات الدراسة'!D7=0,"",'بيانات الدراسة'!D7) -> https://w-a3d.com/ | Q28: Yes
B29: A | E29: =IF('بيانات الدراسة'!C8=0,"",'بيانات الدراسة'!C8) -> رقم الهاتف | G29: =IF('بيانات الدراسة'!D8=0,"",'بيانات الدراسة'!D8) -> 0531513273 | Q29: Yes
B30: A | E30: =IF('بيانات الدراسة'!C11=0,"",'بيانات الدراسة'!C11) -> العنوان | G30: =IF('بيانات الدراسة'!D11=0,"",'بيانات الدراسة'!D11) -> الخبر - المملكة العربية السعودية | Q30: Yes
B31: A | E31: =IF('بيانات الدراسة'!C12=0,"",'بيانات الدراسة'!C12) -> تاريخ إعداد الدراسة | G31: =IF('بيانات الدراسة'!D12=0,"",'بيانات الدراسة'!D12) -> 45313 | Q31: Yes
B32: A | E32: =IF('بيانات الدراسة'!C14=0,"",'بيانات الدراسة'!C14) -> العملة | G32: =IF('بيانات الدراسة'!D17<>0,'بيانات الدراسة'!D16,'بيانات الدراسة'!D14) -> الريال السعودي | Q32: Yes
B33: A | Q33: Yes
B34: A | Q34: Yes
B35: A | Q35: Yes
B36: A | Q36: Yes
B37: A | Q37: Yes
B38: A | Q38: Yes
B39: A | Q39: Yes
B40: A | Q40: Yes
B41: A | Q41: Yes
B42: A | Q42: Yes
B43: A | Q43: Yes
B44: A | Q44: Yes
... B48: A | Q48: Yes
Q49: Yes
F50: التوقعات المالية | Q50: Yes
Q51: Yes
F52: توقعات الأصول و راس المال العامل | Q52: Yes
F53: توقعات النفقات الراسمالية | I53: المجموع | Q53: Yes
F54: قيمة الأصول | I54: ='ادخال التوقعات المالية'!D155*U1 -> 443000 | Q54: Yes
Q55: Yes
F56: توقعات رأس المال العامل | Q56: Yes
F57: المصاريف المدفوعة مقدما | I57: ='ادخال التوقعات المالية'!D158*U1 -> 450000 | Q57: =IF(I57>0,"Yes","-") -> Yes
F58: قيمة مخزون اول المدة | I58: ='ادخال التوقعات المالية'!D159*U1 -> 456860.35 | Q58: =IF(I58>0,"Yes","-") -> Yes
F59: المصاريف المطلوبة خلال الفترة الأولية للتشغيل | I59: ='ادخال التوقعات المالية'!D160*U1 -> 459500 | Q59: =IF(I59>0,"Yes","-") -> Yes
F60: قيمة القرض المطلوب سدادها خلال بداية المشروع | I60: ='ادخال التوقعات المالية'!D161*U1 -> 33333.333 | Q60: =IF(I60>0,"Yes","-") -> Yes
F61: المجموع | I61: =SUM(I54:I60) -> 1842693.7 | Q61: Yes
Q62: Yes
Q63: Yes
B64: A | F64: الإستثمار الأولي | Q64: Yes
B65: A | F65: البيان | I65: المبلغ | Q65: Yes
B66: A | F66: ='ادخال التوقعات المالية'!C168 -> المبلغ | I66: ='ادخال التوقعات المالية'!C169*$U$1 -> 1200000 | Q66: =IF(I66>0,"Yes","-") -> Yes
F67: ='ادخال التوقعات المالية'!D168 -> النسبة | I67: ='ادخال التوقعات المالية'!C170*U1 -> 400000 | Q67: =IF(I67>0,"Yes","-") -> Yes
B68: A | F68: ='ادخال التوقعات المالية'!E168 -> 0 | I68: ='ادخال التوقعات المالية'!C171*U1 -> 800000 | Q68: =IF(I68>0,"Yes","-") -> Yes
B69: A | F69: الإجمالي | I69: =I66+I68+I67 -> 2400000 | Q69: =IF(I69>0,"Yes","-") -> Yes
B70: A | Q70: Yes
B71: A | Q71: Yes
B72: A | Q72: Yes
B73: A | Q73: Yes
B74: A | Q74: Yes
Q75: Yes
Q76: Yes
Q77: Yes
Q78: Yes
Q79: Yes
Q80: Yes
Q81: Yes
Q82: Yes
Q83: Yes
Q84: Yes
B85: A | Q85: Yes
B86: A | Q86: Yes
B87: A | Q87: Yes
B88: A | Q88: Yes
B89: A | Q89: Yes
B90: A | Q90: Yes
B91: A | Q91: Yes
B92: A | F92: المؤشرات المالية | Q92: Yes
B93: A | Q93: Yes
B94: A | F94: المؤشرات المالية | J94: ='ادخال التوقعات المالية'!C1 -> 2024 | K94: ='ادخال التوقعات المالية'!D1 -> 2025 | L94: ='ادخال التوقعات المالية'!E1 -> 2026 | M94: ='ادخال التوقعات المالية'!F1 -> 2027 | N94: ='ادخال التوقعات المالية'!G1 -> 2028 | Q94: Yes
B95: A | F95: الإستثمارات | J95: =('ادخال التوقعات المالية'!C169+'ادخال التوقعات المالية'!C170)*$U$1 -> 1600000 | Q95: Yes
B96: A | F96: صافي الارباح | J96: =+J178 -> -219579.4 | K96: =+K178 -> 789714.92 | L96: =+L178 -> 1389550.5 | M96: =+M178 -> 1694789 | N96: =+N178 -> 2070436.2 | Q96: Yes
F97: العائد على الاستثمار | J97: =J96/$J$95 -> -0.13723713 | K97: =K96/$J$95 -> 0.49357182 | L97: =L96/$J$95 -> 0.86846905 | M97: =M96/$J$95 -> 1.0592431 | N97: =N96/$J$95 -> 1.2940226 | Q97: Yes
B98: A | F98: نقطة التعادل بالقيمة | J98: =-(J177+J176+J173)/J157 -> 4698379.1 | K98: =-(K177+K176+K173)/K157 -> 5130632.1 | L98: =-(L177+L176+L173)/L157 -> 5590536.2 | M98: =-(M177+M176+M173)/M157 -> 6061260.8 | N98: =-(N177+N176+N173)/N157 -> 6409900 | Q98: Yes
B99: A | F99: فترة الاسترداد بالسنوات | J99: =L112 -> 2.7905998 | Q99: Yes
B100: A | Q100: Yes
B101: A | Q101: Yes
B102: A | Q102: Yes
B103: A | Q103: Yes
B104: A | F104: فترة الاسترداد | Q104: Yes
F105: البيان | H105: صافي التدفقات النقدية | J105: تراكمي | L105: الرصيد المتبقى | Q105: Yes
B106: A | F106: الاستثمار الأولي | H106: =(-'ادخال التوقعات المالية'!C169-'ادخال التوقعات المالية'!C170)*$U$1 -> -1600000 | L106: =-H106 -> 1600000 | Q106: Yes | U106: =IF(L106/H107<0,2,L106/H107) -> 2
...

Sheet ملخص
K1: اختر وحدة التقرير - وحدة ، آلاف، ملايين -------> | O1: 1000 | P1: =VLOOKUP(O1,R6:S8,2,0) -> ( آلاف )
C3: ="ملخص دراسة "&'بيانات الدراسة'!D10 -> ملخص دراسة مثال لدراسة
C4: ='بيانات الدراسة'!D14&ملخص!P1 -> الريال السعودي ( آلاف )
C6: قائمة المركز المالي | D6: التأسيس | E6: ='ادخال التوقعات المالية'!C1 -> 2024 | F6: ='ادخال التوقعات المالية'!D1 -> 2025 | G6: ='ادخال التوقعات المالية'!E1 -> 2026 | H6: ='ادخال التوقعات المالية'!F1 -> 2027 | I6: ='ادخال التوقعات المالية'!G1 -> 2028 | K6: ='التقرير '!F94 -> المؤشرات المالية | L6: =E6 -> 2024 | M6: =F6 -> 2025 | N6: =G6 -> 2026 | O6: =H6 -> 2027 | P6: =I6 -> 2028 | R6: 1
K7: الإستثمار الأولي | L7: ='التقرير '!J95/O1 -> 1600 | R7: 1000 | S7: ( آلاف )
C8: الأصول المتداولة | D8: ='التقرير '!I207/$O$1 -> 1957 | E8: ='التقرير '!J207/$O$1 -> 2163.4714 | F8: ='التقرير '!K207/$O$1 -> 3148.5232 | G8: ='التقرير '!L207/$O$1 -> 4656.1527 | H8: ='التقرير '!M207/$O$1 -> 6407.8926 | I8: ='التقرير '!N207/$O$1 -> 8529.8529 | K8: فترة الإسترداد بالسنوات | L8: ='التقرير '!J99 -> 2.7905998 | R8: 1000000 | S8: ( ملايين )
C9: الأصول غير المتداولة | D9: ='التقرير '!I211/$O$1 -> 443 | E9: ='التقرير '!J211/$O$1 -> 353.2 | F9: ='التقرير '!K211/$O$1 -> 263.4 | G9: ='التقرير '!L211/$O$1 -> 173.6 | H9: ='التقرير '!M211/$O$1 -> 86.8 | I9: ='التقرير '!N211/$O$1 -> 0 | K9: صافي الأرباح / (الخسائر) | L9: =E24 -> -219.5794 | M9: =F24 -> 789.71492 | N9: =G24 -> 1389.5505 | O9: =H24 -> 1694.789 | P9: =I24 -> 2070.4362
C10: مجموع الأصول | D10: =D8+D9 -> 2400 | E10: =E8+E9 -> 2516.6714 | F10: =F8+F9 -> 3411.9232 | G10: =G8+G9 -> 4829.7527 | H10: =H8+H9 -> 6494.6926 | I10: =I8+I9 -> 8529.8529 | K10: العائد على الإستثمار | L10: =L9/$L$7 -> -0.13723713 | M10: =M9/$L$7 -> 0.49357182 | N10: =N9/$L$7 -> 0.86846905 | O10: =O9/$L$7 -> 1.0592431 | P10: =P9/$L$7 -> 1.2940226
K11: ='التقرير '!F98 -> نقطة التعادل بالقيمة | L11: ='التقرير '!J98/$O$1 -> 4698.3791 | M11: ='التقرير '!K98/$O$1 -> 5130.6321 | N11: ='التقرير '!L98/$O$1 -> 5590.5362 | O11: ='التقرير '!M98/$O$1 -> 6061.2608 | P11: ='التقرير '!N98/$O$1 -> 6409.9
C12: الخصوم المتداولة | D12: ='التقرير '!I217/$O$1 -> 0 | E12: ='التقرير '!J217/$O$1 -> 582.29425 | F12: ='التقرير '!K217/$O$1 -> 818.2824 | G12: ='التقرير '!L217/$O$1 -> 982.23071 | H12: ='التقرير '!M217/$O$1 -> 1093.4777 | I12: ='التقرير '!N217/$O$1 -> 1204.9417 | K12: ='ادخال التوقعات المالية'!B137 -> المخزون - بالايام | L12: ='ادخال التوقعات المالية'!C137 -> 90
C13: راس المال | D13: ='التقرير '!I223/$O$1 -> 1600 | E13: ='التقرير '!J223/$O$1 -> 1600 | F13: ='التقرير '!K223/$O$1 -> 1600 | G13: ='التقرير '!L223/$O$1 -> 1600 | H13: ='التقرير '!M223/$O$1 -> 1600 | I13: ='التقرير '!N223/$O$1 -> 1600 | K13: ='ادخال التوقعات المالية'!B138 -> الذمم المدينة (العملاء) - بالايام | L13: ='ادخال التوقعات المالية'!C138 -> 20
C14: الأرباح المجمعة | D14: ='التقرير '!I224/$O$1 -> 0 | E14: ='التقرير '!J224/$O$1 -> -219.5794 | F14: ='التقرير '!K224/$O$1 -> 570.13552 | G14: ='التقرير '!L224/$O$1 -> 1959.686 | H14: ='التقرير '!M224/$O$1 -> 3654.475 | I14: ='التقرير '!N224/$O$1 -> 5724.9112 | K14: ='ادخال التوقعات المالية'!B139 -> الذمم الدائنة (الموردين) - بالايام | L14: ='ادخال التوقعات المالية'!C139 -> 90
C15: الخصوم حقو قالملكية | D15: ='التقرير '!I225/$O$1 -> 2400 | E15: ='التقرير '!J225/$O$1 -> 2516.6714 | F15: ='التقرير '!K225/$O$1 -> 3411.9232 | G15: ='التقرير '!L225/$O$1 -> 4829.7527 | H15: ='التقرير '!M225/$O$1 -> 6494.6926 | I15: ='التقرير '!N225/$O$1 -> 8529.8529 | K15: معدل دوران المخزون | L15: =-E20/('التقرير '!I206/1000) -> 4 | M15: =-F20/('التقرير '!J206/1000) -> 6.0222441 | N15: =-G20/('التقرير '!K206/1000) -> 4.9230769 | O15: =-H20/('التقرير '!L206/1000) -> 4.5 | P15: =-I20/('التقرير '!M206/1000) -> 4.4444444
C17: قائمة الدخل | E17: =E6 -> 2024 | F17: =F6 -> 2025 | G17: =G6 -> 2026 | H17: =H6 -> 2027 | I17: =I6 -> 2028
C18: ='التقرير '!D153 -> الإيرادات | E18: ='التقرير '!J153/$O$1 -> 4317.662 | F18: ='التقرير '!K153/$O$1 -> 6499.961 | G18: ='التقرير '!L153/$O$1 -> 7999.952 | H18: ='التقرير '!M153/$O$1 -> 8999.946 | I18: ='التقرير '!N153/$O$1 -> 9999.94
C19: ='التقرير '!D154 -> نسبة النمو | F19: =(F18-E18)/E18 -> 0.50543535 | G19: =(G18-F18)/F18 -> 0.23076923 | H19: =(H18-G18)/G18 -> 0.125 | I19: =(I18-H18)/H18 -> 0.11111111
C20: تكلفة المواد المباعة | E20: ='التقرير '!J155/$O$1 -> -1827.4414 | F20: ='التقرير '!K155/$O$1 -> -2751.3245 | G20: ='التقرير '!L155/$O$1 -> -3386.2456 | H20: ='التقرير '!M155/$O$1 -> -3809.5263 | I20: ='التقرير '!N155/$O$1 -> -4232.807
C21: ='التقرير '!D156 -> مجمل الربح | E21: ='التقرير '!J156/$O$1 -> 2490.2206 | F21: ='التقرير '!K156/$O$1 -> 3748.6364 | G21: ='التقرير '!L156/$O$1 -> 4613.7064 | H21: ='التقرير '!M156/$O$1 -> 5190.4197 | I21: ='التقرير '!N156/$O$1 -> 5767.133
C22: نسبة من المبيعات | E22: =E21/E$18 -> 0.57675209 | F22: =F21/F$18 -> 0.57671676 | G22: =G21/G$18 -> 0.57671676 | H22: =H21/H$18 -> 0.57671676 | I22: =I21/I$18 -> 0.57671676
C23: المصاريف | E23: =+('التقرير '!J173+'التقرير '!J176+'التقرير '!J177)/$O$1 -> -2709.8 | F23: =+('التقرير '!K173+'التقرير '!K176+'التقرير '!K177)/$O$1 -> -2958.9215 | G23: =+('التقرير '!L173+'التقرير '!L176+'التقرير '!L177)/$O$1 -> -3224.1559 | H23: =+('التقرير '!M173+'التقرير '!M176+'التقرير '!M177)/$O$1 -> -3495.6307 | I23: =+('التقرير '!N173+'التقرير '!N176+'التقرير '!N177)/$O$1 -> -3696.6968
C24: صافي الدخل | E24: =E21+E23 -> -219.5794 | F24: =F21+F23 -> 789.71492 | G24: =G21+G23 -> 1389.5505 | H24: =H21+H23 -> 1694.789 | I24: =I21+I23 -> 2070.4362
C25: نسبة من المبيعات | E25: =E24/E$18 -> -0.050856088 | F25: =F24/F$18 -> 0.12149533 | G25: =G24/G$18 -> 0.17369485 | H25: =H24/H$18 -> 0.18831102 | I25: =I24/I$18 -> 0.20704487
C28: قائمة التدفقات النقدية | D28: التأسيس | E28: =E17 -> 2024 | F28: =F17 -> 2025 | G28: =G17 -> 2026 | H28: =H17 -> 2027 | I28: =I17 -> 2028
C29: ='التقرير '!D232 -> صافي الربح النقدي | D29: ='التقرير '!I232/$O$1 -> 0 | E29: ='التقرير '!J232/$O$1 -> -129.7794 | F29: ='التقرير '!K232/$O$1 -> 879.51492 | G29: ='التقرير '!L232/$O$1 -> 1479.3505 | H29: ='التقرير '!M232/$O$1 -> 1781.589 | I29: ='التقرير '!N232/$O$1 -> 2157.2362
C30: ='التقرير '!D237 -> صافي التدفقات النقدية من العمليات التشغيلية | D30: ='التقرير '!I237/$O$1 -> -906.86035 | E30: ='التقرير '!J237/$O$1 -> 87.210839 | F30: ='التقرير '!K237/$O$1 -> 758.27609 | G30: ='التقرير '!L237/$O$1 -> 1396.0176 | H30: ='التقرير '!M237/$O$1 -> 1726.0338 | I30: ='التقرير '!N237/$O$1 -> 2101.681
C31: ='التقرير '!D240 -> صافي التدفقات النقدية من العمليات الإستثمارية | D31: ='التقرير '!I240/$O$1 -> -443 | E31: ='التقرير '!J240/$O$1 -> 0 | F31: ='التقرير '!K240/$O$1 -> 0 | G31: ='التقرير '!L240/$O$1 -> 0 | H31: ='التقرير '!M240/$O$1 -> 0 | I31: ='التقرير '!N240/$O$1 -> 0
C32: ='التقرير '!D244 -> صافي التدفقات النقدية من العمليات التمويلية | D32: ='التقرير '!I244/$O$1 -> 2400 | E32: ='التقرير '!J244/$O$1 -> -120.60952 | F32: ='التقرير '!K244/$O$1 -> -125.4339 | G32: ='التقرير '!L244/$O$1 -> -130.45126 | H32: ='التقرير '!M244/$O$1 -> -135.66931 | I32: ='التقرير '!N244/$O$1 -> -141.09608
C33: ='التقرير '!D246 -> رصيد النقد اول المدة | D33: ='التقرير '!I246/$O$1 -> 0 | E33: ='التقرير '!J246/$O$1 -> 1050.1396 | F33: ='التقرير '!K246/$O$1 -> 1016.741 | G33: ='التقرير '!L246/$O$1 -> 1649.5832 | H33: ='التقرير '!M246/$O$1 -> 2915.1495 | I33: ='التقرير '!N246/$O$1 -> 4505.514
C34: ='التقرير '!D247 -> رصيد النقد اخر المدة | D34: ='التقرير '!I247/$O$1 -> 1050.1396 | E34: ='التقرير '!J247/$O$1 -> 1016.741 | F34: ='التقرير '!K247/$O$1 -> 1649.5832 | G34: ='التقرير '!L247/$O$1 -> 2915.1495 | H34: ='التقرير '!M247/$O$1 -> 4505.514 | I34: ='التقرير '!N247/$O$1 -> 6466.0989
C37: البيان | D37: التأسيس | E37: =E28 -> 2024 | F37: =F28 -> 2025 | G37: =G28 -> 2026 | H37: =H28 -> 2027 | I37: =I28 -> 2028
C38: الإستثمار | D38: =D32 -> 2400 | E38: =D38 -> 2400 | F38: =E38 -> 2400 | G38: =F38 -> 2400 | H38: =G38 -> 2400 | I38: =H38 -> 2400
C39: التدفقات النقدية | E39: =E40 -> -33.398683 | F39: =F40+E39 -> 599.4435 | G39: =G40+F39 -> 1865.0099 | H39: =H40+G39 -> 3455.3743 | I39: =I40+H39 -> 5415.9593
E40: =E34-D34 -> -33.398683 | F40: =F34-E34 -> 632.84218 | G40: =G34-F34 -> 1265.5664 | H40: =H34-G34 -> 1590.3645 | I40: =I34-H34 -> 1960.5849

Sheet Sheet1
B8: 0 | C8: -350 | D8: =C8/(1+$F$8)^B8 -> -350 | F8: 0.05
B9: 1 | C9: 100 | D9: =C9/(1+$F$8)^B9 -> 95.238095 | F9: =C9/(1+$F$8) -> 95.238095
B10: 2 | C10: 200 | D10: =C10/(1+$F$8)^B10 -> 181.4059 | F10: =C10/(1+$F$8) -> 190.47619
B11: 3 | C11: 150 | D11: =C11/(1+$F$8)^B11 -> 129.57564
B12: 4 | C12: 75 | D12: =C12/(1+$F$8)^B12 -> 61.702686
B13: Net Present Value | D13: =SUM(D8:D12) -> 117.92232
D14: =D8+NPV(F8,C9:C12) -> 117.92232
B15: IRR | D15: =IRR(C8:C12) -> 0.19256138
J21: 305
J22: =J21/12 -> 25.416667
